 Dungeon Crawl Stone Soup version 0.26.1-11-gd32895ea62 (webtiles) character file.

Game seed: 9081839747301851877

170 vvl the Changer (level 5, 0/40 HPs)
             Began as a Draconian Transmuter on June 16, 2021.
             Slain by an iguana (10 damage)
             ... on level 4 of the Dungeon.
             The game lasted 00:07:19 (4789 turns).

vvl the Changer (Draconian Transmuter)              Turns: 4789, Time: 00:07:20

Health: 0/40       AC:  5    Str: 13    XL:     5   Next: 26%
Magic:  8/8        EV:  9    Int: 14    God:
Gold:   235        SH:  7    Dex: 17    Spells: 7/8 levels left

rFire    . . .     SeeInvis +   a - +0 dagger
rCold    . . .     Faith    .   s - +0 kite shield
rNeg     . . .     Spirit   .   (armour unavailable)
rPois    .         Reflect  .   (helmet currently unavailable)
rElec    .         Harm     .   (no cloak)
rCorr    .         Rampage  .   (no gloves)
Will     .....                  (boots currently unavailable)
Stlth    ++........             k - amulet of magic regeneration
HPRegen  0.13/turn              e - +6 ring of dexterity
MPRegen  0.36/turn              u - ring of see invisible

@: appendages
A: unfitting armour, horns 2, talons 2, cold-blooded, AC +5
a: End Transformation


You were on level 4 of the Dungeon.
You had grown temporary horns.
You had grown temporary talons.
You visited 1 branch of the dungeon, and saw 4 of its levels.

You collected 235 gold pieces.

Inventory:

Hand Weapons
 a - a +0 dagger (weapon)
Armour
 s - a +0 kite shield (worn)
Jewellery
 e - a +6 ring of dexterity (left hand)
 k - an amulet of magic regeneration (around neck)
 r - an uncursed ring of protection from fire
 u - a ring of see invisible (right hand)
Wands
 t - a wand of iceblast (6)
Scrolls
 c - 2 scrolls of teleportation {unknown}
 f - a scroll of enchant armour {unknown}
 g - 5 scrolls of identify {unknown}
 h - 4 scrolls of enchant weapon {unknown}
 l - a scroll of noise {unknown}
 p - a scroll of fog {unknown}
 q - a scroll of magic mapping {unknown}
Potions
 b - a potion of mutation {unknown}
 d - a potion of might
 i - 3 potions of degeneration {unknown}
 j - a potion of magic {unknown}
 m - a potion of brilliance {unknown}
 n - a potion of attraction {unknown}
 o - 2 potions of curing {unknown}
 v - a potion of flight {unknown}


   Skills:
 - Level 1.1 Fighting
 - Level 1.7 Dodging
 - Level 3.0 Unarmed Combat
 - Level 2.0 Spellcasting
 * Level 5.5 Transmutations


You had 7 spell levels left.
You knew the following spells:

 Your Spells              Type           Power        Failure   Level
a - Beastly Appendage     Tmut           34%          17%         1

Your spell library contained the following spells:

 Spells                   Type           Power        Failure   Level
 Wereblood                Tmut           17%          26%         2
 Spider Form              Tmut/Pois      4%           85%         3
 Ice Form                 Ice/Tmut       9%           99%         4
 Blade Hands              Tmut           8%           99%         5


Dungeon Overview and Level Annotations

Branches:
Dungeon (4/15)
 Temple: D:4-7

Altars:


Innate Abilities, Weirdness & Mutations

Your plain brown scales are hard. (AC +5)
You cannot fit into any form of body armour.
You are cold-blooded and may be slowed by cold attacks.
You have a pair of horns on your head.
You have razor-sharp toenails.


Message History

You barely miss the orc. You claw the orc.
The orc is severely wounded.
The orc closely misses you. The iguana barely misses you.
You hit the orc but do no damage. You headbutt the orc.
The orc is almost dead.
The iguana closely misses you. The orc closely misses you.
You completely miss the orc.
The orc is almost dead.
The iguana bites you!
* * * LOW HITPOINT WARNING * * *
The orc hits you but does no damage. The iguana completely misses you.
You barely miss the orc. You claw the orc, but do no damage.
The orc is almost dead.
The orc hits you with a cursed -1 trident.
* * * LOW HITPOINT WARNING * * *
You block the iguana's attack.
You barely miss the orc. Your kick misses the orc. You headbutt the orc.
You kill the orc!
The iguana bites you!
You die...

#....#
###.#.####.###
####.# #.....# #.#
#.# #.#.#.# #.# #.#
#.#.#># #.# #.#
#.#.#.####.# #.#
#..........# #.#
##..#.###### #.#
#).#.#### #.#
#@l#....# #.#
#<.####># ##
##########.## #..#
#.# .# ............#
#..# #.# .#
####.....####..#
#.########.#
#.##........#
#........#.#
#######.###.####.##
########.#.#
........# ###
##.############.#.#
#######.#
##.#.#.............#


You could see an iguana.

Vanquished Creatures
  A hound (D:4)
  A worker ant (D:4)
  Robin (D:3)
  2 adders
  An ooze (D:1)
  3 worms
  A dart slug (D:3)
  8 orcs
  6 bats
  3 giant cockroaches
  10 goblins
  8 hobgoblins
  8 jackals
  2 kobolds
  A quokka (D:2)
  A ball python (D:1)
  4 frilled lizards
  3 rats
64 creatures vanquished.

Notes
Turn   | Place    | Note
-------+----------+-------------------------------------------
     0 | D:1      | vvl the Draconian Transmuter began the quest for the Orb.
     0 | D:1      | Reached XP level 1. HP: 16/16 MP: 3/3
   293 | D:1      | Reached XP level 2. HP: 23/23 MP: 5/5
   665 | D:1      | Reached skill level 3 in Transmutations
  1353 | D:2      | Reached XP level 3. HP: 25/28 MP: 6/6
  1805 | D:2      | Reached skill level 4 in Transmutations
  2238 | D:3      | Noticed Robin
  2648 | D:2      | Reached XP level 4. HP: 9/35 MP: 7/7
  3125 | D:3      | Killed Robin
  3995 | D:4      | Reached skill level 5 in Transmutations
  3995 | D:4      | Reached XP level 5. HP: 28/40 MP: 8/8
  4789 | D:4      | Slain by an iguana

Illustrated notes

Levels and vault maps discovered:
D:1:      dpeg_arrival_rhombus, layout_basic
D:2:      layout_loops_ring
D:3:      layout_basic, uniq_robin
D:4:      layout_loops_ring

Skill      XL: |  1  2  3  4 |
---------------+-------------+-----
Transmutations | 3 4 5 |  5.5
Fighting       | |  1.1
Dodging        | |  1.7
Unarmed Combat | |  3.0
Spellcasting   | |  2.0

Action                   |  1- 3 |  4- 6 || total
-------------------------+-------+-------++-------
Melee: Dagger            |   167 |   120 ||   287
       Tailslap          |    19 |    13 ||    32
       Unarmed           |     4 |       ||     4
       Kick              |    19 |    28 ||    47
       Headbutt          |     9 |    14 ||    23
       Punch             |     2 |       ||     2
 Cast: Beastly Appendage |    11 |    11 ||    22
 Stab: Distracted        |     1 |       ||     1
Armor: Skin              |    66 |    36 ||   102
Dodge: Dodged            |   165 |    86 ||   251
Block: Kite shield       |       |    12 ||    12
